 Dungeon Crawl Stone Soup version 0.30.0-10-gfe55d96785 (webtiles) character file.

Game seed: 9648905788197661291

80 ryw the Trooper (level 4, -1/38 HPs)
             Began as a Demonspawn Monk on May 15, 2023.
             Slain by Crazy Yiuf
             ... wielding a +3 quarterstaff of chaos
              (11 damage)
             ... on level 2 of the Dungeon.
             The game lasted 00:02:35 (1690 turns).

ryw the Trooper (Demonspawn Monk)                   Turns: 1690, Time: 00:02:35

Health: -1/38      AC:  5    Str: 13    XL:     4   Next: 18%
Magic:  4/4        EV: 10    Int: 11    God:
Gold:   115        SH:  9    Dex: 16    Spells: 3/3 levels left

rFire   . .          .
                       - Unarmed
rCold   . . .        a - +0 kite shield
rNeg    + . .        i - +1 leather armour "Emyhopim" {rN+ Slay+2}
rPois   .            (no helmet)
rElec   .            (no cloak)
rCorr   .            (no gloves)
SInv    .            (no boots)
Will    .....        (no amulet)
Stlth   +            (no ring)
HPRegen 0.26/turn    (no ring)
MPRegen 0.09/turn

%: no passive effects
@: studying Stealth
A: rugged brown scales 1, demonic touch 1
a: no special abilities


You were on level 2 of the Dungeon.
You visited 1 branch of the dungeon, and saw 2 of its levels.

You collected 115 gold pieces.

Inventory:

Missiles
 f - a throwing net (quivered)
Armour
 a - a +0 kite shield (worn)
 c - an orb of light
 e - a +0 plate armour
 i - the +1 leather armour "Emyhopim" (worn) {rN+ Slay+2}
   (You found it on level 2 of the Dungeon)

   Slay:      It affects your accuracy & damage with ranged weapons and melee
   (+2).
   rN:        It protects you from negative energy.
Scrolls
 d - 2 scrolls of fog {unknown}
 h - 4 scrolls of identify {unknown}
 j - 2 scrolls of enchant armour {unknown}
 l - a scroll of torment {unknown}
Potions
 b - 2 potions of ambrosia
 g - 2 potions of mutation {unknown}
 k - a potion of magic {unknown}


   Skills:
 - Level 3.9 Fighting
 - Level 2.6 Dodging
 * Level 2.6 Shields
 - Level 2.6 Unarmed Combat


You had 3 spell levels left.
You didn't know any spells.
Your spell library contained the following spells:

 Spells                   Type           Power      Damage    Failure   Level
 Necrotise                Necr           0%         1d4       86%         1
 Ensorcelled Hibernation  Hex/Ice        0%         N/A       94%         2
 Passwall                 Tmut/Erth      0%         N/A       94%         2
 Swiftness                Air            0%         N/A       99%         3
 Vampiric Draining        Necr           0%         2d6       99%         3
 Agony                    Necr           0%         N/A       100%        5


Dungeon Overview and Level Annotations

Branches:
Dungeon (2/15)

Altars:

Annotations:
D:2 Crazy Yiuf


Innate Abilities, Weirdness & Mutations

You are partially covered in rugged brown scales. (AC +1, +3% HP)
Your touch may inflict minor irresistible damage on your foes.


Message History

You closely miss the rat. The rat completely misses you.
You hit the rat.
You kill the rat!
No target in view!
A ball python comes into view.
The ball python hisses angrily.
You hit the ball python.
The ball python is severely wounded.
The ball python bites you but does no damage.
The ball python barely misses you.
You hit the ball python.
You kill the ball python!
No target in view!
As you open the door, it creaks loudly!
There is an open door here.
You open the door.
There is an open door here.
You see here a frilled lizard skeleton.
You open the door.
Found a hammer.
No target in view!
There is an open door here.
You see here a +1 hammer of holy wrath.
Found three hammers.
Found a runed translucent door.
You see here a +0 hammer.
Crazy Yiuf shouts!
Crazy Yiuf cries, "Rifle snockshim blue!"
You see here a +0 hammer.
Found a hammer.
Press: ? - help, v - describe, . - travel, g - get item Item here: a runed hammer.
The floor.
You open the door. You closely miss Crazy Yiuf.
Crazy Yiuf hits you with a +3 quarterstaff of chaos!
You are electrocuted!!
* * * LOW HITPOINT WARNING * * *
You hit Crazy Yiuf but do no damage.
Crazy Yiuf hits you with a +3 quarterstaff of chaos!
You die...

#.#<#...[###########
#.########..
#.#.#....#.#
#...........
#.#.#....#.#
##########..
#.#......#.# #####
#.#### #..
#.###.#..#.# #).)#
#....# ###
.........#.# #...#
#....# #
#.###.##.#.# )..
#...†#######
#.#........# #g#
#...........
#.#.#.##...# #@##
#....#######
#.#.#..#...# ##)#
#....'....).
..#.#.#..### #)##
#....#######
###......# ##.#
###### ##.
###..####### ##)##
#### #..
...>.......# ##..)#
#..#######'#
############ #....#
##.#........ .....#
#....# #.#........
####.# #+..'#
#.#.......)


You could see Crazy Yiuf.

Vanquished Creatures
  2 adders (D:2)
  A worm (D:2)
  3 dart slugs (D:1)
  4 ball pythons
  5 endoplasms
  2 giant cockroaches (D:2)
  7 goblins
  3 hobgoblins
  4 kobolds
  4 quokkas
  5 bats
  4 frilled lizards
  2 rats
46 creatures vanquished.

Notes
Turn   | Place    | Note
-------+----------+-------------------------------------------
     0 | D:1      | ryw the Demonspawn Monk began the quest for the Orb.
     0 | D:1      | Reached XP level 1. HP: 18/18 MP: 1/1
   186 | D:1      | Gained mutation: You are partially covered in rugged brown
                  | scales. (AC +1, +3% HP) [demonic ancestry]
   186 | D:1      | Reached XP level 2. HP: 19/25 MP: 2/2
   628 | D:1      | Reached skill level 1 in Shields
   632 | D:1      | Reached XP level 3. HP: 16/30 MP: 3/3
  1086 | D:2      | Identified the +1 leather armour "Emyhopim" {rN+ Slay+2}
  1322 | D:2      | Gained mutation: Your touch may inflict minor irresistible
                  | damage on your foes. [demonic ancestry]
  1322 | D:2      | Reached XP level 4. HP: 28/38 MP: 4/4
  1684 | D:2      | Found a runed translucent door.
  1685 | D:2      | Noticed Crazy Yiuf
  1690 | D:2      | Slain by Crazy Yiuf

Illustrated notes

Levels and vault maps discovered:
D:1:      amcnicky_arrival_single_pillar, layout_loops_ring
D:2:      layout_basic, minmay_box_of_dots, uniq_crazy_yiuf_cottage

Skill      XL: |  1  2  3 |
---------------+----------+-----
Shields        | 1 2 |  2.6
Fighting       | |  3.9
Dodging        | |  2.6
Unarmed Combat | |  2.6

Action                     |  1- 3 |  4- 6 || total
---------------------------+-------+-------++-------
  Melee: Unarmed           |   142 |    31 ||   173
 Armour: Robe              |     6 |       ||     6
         Plate armour      |    69 |       ||    69
         Leather armour    |    10 |     5 ||    15
  Dodge: Dodged            |    37 |     7 ||    44
  Block: Kite shield       |    51 |    12 ||    63
